 Dungeon Crawl Stone Soup version 0.28.0 (webtiles) character file.

Game seed: 16581816387761813941

4907 inmateoo the Fighter (level 10, -5/81 HPs)
             Began as a Djinni Fire Elementalist on Feb 14, 2022.
             Was a Follower of Makhleb.
             Killed by divine providence
             ... invoked by an orc priest
              (14 damage)
             ... on level 9 of the Dungeon.
             The game lasted 00:13:45 (10946 turns).

inmateoo the Fighter (Djinni Fire Elementalist)    Turns: 10946, Time: 00:13:45

Health: -5/81      AC: 14    Str:  7    XL:     10   Next: 80%
Gold:   254        EV: 15    Int: 24    God:    Makhleb [*.....] SH:  0 Dex: 14

rFire   + + +      SeeInvis .   n - staff of fire
rCold   . . .      Faith    .   (no shield)
rNeg    . . .      Spirit   .   E - +0 steam dragon scales of the Pit {Int+3}
rPois   ∞          Reflect  .   i - +0 helmet
rElec   .          Harm     .   c - +1 cloak
rCorr   .          Rampage  .   (no gloves)
Will    +....                   (boots unavailable)
Stlth   ++........              (no amulet)
HPRegen 0.23/turn               F - ring of protection from cold
MPRegen 0.00/turn               B - +4 ring of protection

@: flying
A: sickness immunity, fire resistance 2, cold vulnerability 1, float, innate
caster, HP casting, extra vitality 1
a: Renounce Religion


You were on level 9 of the Dungeon.
You worshipped Makhleb.
Makhleb was aware of your devotion.
You visited 2 branches of the dungeon, and saw 10 of its levels.

You collected 332 gold pieces.
You spent 78 gold pieces at shops.

Inventory:

Hand Weapons
 f - a +0 quarterstaff
 l - a +0 spear of flaming
 s - a +1 scimitar of flaming
Armour
 c - a +1 cloak (worn)
 i - a +0 helmet (worn)
 C - the +0 kite shield of the Onion {rF+ rN+ Slay+3}
   (You found it on level 8 of the Dungeon)

   Slay:      It affects your accuracy & damage with ranged weapons and melee
   (+3).
   rF:        It protects you from fire.
   rN:        It protects you from negative energy.
 E - the +0 steam dragon scales of the Pit (worn) {Int+3}
   (You found it on level 7 of the Dungeon)

   Int:       It affects your intelligence (+3).
Magical Staves
 n - a staff of fire (weapon)
Jewellery
 j - a ring of resist corrosion
 u - a +4 ring of evasion
 B - a +4 ring of protection (right hand)
 F - a ring of protection from cold (left hand)
Wands
 h - a wand of digging (1)
 k - a wand of paralysis (8)
 y - a wand of polymorph (11)
 D - a wand of flame (4)
Scrolls
 a - 7 scrolls of teleportation
 e - a scroll of acquirement {unknown}
 p - a scroll of enchant weapon
 v - a scroll of immolation {unknown}
 x - a scroll of magic mapping {unknown}
Potions
 b - 3 potions of heal wounds
 d - a potion of flight {unknown}
 g - 2 potions of curing
 m - a potion of lignification
 o - a potion of mutation
 q - a potion of brilliance
 r - a potion of invisibility {unknown}
 t - a potion of berserk rage
 w - a potion of might
 z - a potion of attraction {unknown}
 A - a potion of haste {unknown}


   Skills:
 + Level 10.3 Fighting
 + Level 7.2 Armour
 + Level 8.2 Dodging
 - Level 1.6 Stealth
 - Level 4.0 Spellcasting


You couldn't memorise any spells.
You knew the following spells:

 Your Spells              Type           Power      Damage    Failure   Level
a - Foxfire               Conj/Fire      100%       2x1d9     1%          1
b - Scorch                Fire           72%        2d9       2%          2
c - Conjure Flame         Conj/Fire      36%        6-21      5%          3
d - Inner Flame           Hex/Fire       36%        N/A       5%          3
e - Flame Wave            Conj/Fire      36%        2d9       19%         4
f - Shock                 Conj/Air       96%        1d9       1%          1
g - Passwall              Tmut/Erth      20%        N/A       2%          2
h - Gell's Gravitas       Tloc           24%        N/A       5%          3
i - Dispel Undead         Necr           24%        3d12      19%         4
Your spell library was empty.

Dungeon Overview and Level Annotations

Branches:
Dungeon (9/15)             Temple (1/1) D:7            Lair (0/6) D:8
    Orc: D:9-12

Altars:
Ashenzari
Cheibriados
Gozag
Kikubaaqudgha
Makhleb
Okawaru
Qazlal
Ru
Uskayaw
Vehumet
Wu Jian
Yredelemnul
The Shining One

Shops:
D:4 ?   D:9 [


Innate Abilities, Weirdness & Mutations

You are immune to sickness and miasma.
You are immune to poison.
Your flesh is very heat resistant. (rF++)
You are vulnerable to cold. (rC-)
You float through the air rather than walking.
You learn spells naturally, not from books.
Your magical power is your life essence.
You have superior vitality. (+4 MHP)


Message History

Casting: Scorch (safe; 2% risk of failure)
Confirm with . or Enter, or press ? or * to list all spells.
You feel a surge of power!
Flames lash the orc warrior.
The orc warrior is moderately wounded.
The orc warrior's fire resistance burns away.
An orc comes into view. It is wielding a +0 mace.
The orc warrior barely misses you.
Casting: Scorch (safe; 2% risk of failure)
Confirm with . or Enter, or press ? or * to list all spells.
You feel a surge of power!
Flames lash the kobold brigand.
The kobold brigand is burned terribly!
You kill the kobold brigand!
Makhleb accepts your kill.
The orc warrior is no longer more vulnerable to fire.
The orc warrior barely misses you.
Casting: Scorch (safe; 2% risk of failure)
Confirm with . or Enter, or press ? or * to list all spells.
You feel a surge of power!
Flames lash the orc warrior.
The orc warrior is heavily wounded.
The orc warrior's fire resistance burns away.
The orc warrior hits you from afar with a +0 halberd!
* * * LOW HITPOINT WARNING * * *
Casting: Scorch (safe; 2% risk of failure)
Confirm with . or Enter, or press ? or * to list all spells.
You feel a surge of power!
Flames lash the orc warrior.
The orc warrior is burned terribly!
The orc warrior is heavily wounded.
* * * LOW HITPOINT WARNING * * *
The orc warrior closely misses you.
The orc warrior is no longer more vulnerable to fire.
The orc priest begins to cast a cantrip, but forgets the words!
The orc priest invokes the aid of Beogh against you.
Beogh smites you!
* * * LOW HITPOINT WARNING * * *
Okay, then.
You see here a +0 robe.
You see here a +0 trident.
The orc priest invokes the aid of Beogh against you.
Beogh smites you!
You die...

#.# ######..÷...####.
#. ##...###o..###. .#
##.....#.###.#. ..
#.#...#...#...# .#
#.#####...#...#####
.)..###.#
#.#...#..[#...#...#
........
##...o.#.###.#..... #
#......
##.o.###o..###...# ##
#.....
#.###@###.#.....#.###.
.# #....
#.##...#...#...#...#..
.# ...
#:##...#...#####...#..
.####.# #.##...#...#
#...#.. ...##.#
###.###.###.#..
.#.###.
...##)####....###.
.###...###. .#
.....)........# ...
### ...
.....<.)......# ... ..
...##........∩# ###
###


You could see an orc warrior and an orc priest.

Vanquished Creatures
  Maggie (D:6)
  A kobold demonologist (D:8)
  Sigmund (D:5)
  A shadow (D:6)
  A vampire (D:8)
  A wraith (D:9)
  A steam dragon (D:7)
  2 water moccasins
  A black bear (D:3)
  An ice beast (D:8)
  2 ogres
  3 phantoms
  5 centaurs
  10 kobold brigands
  6 bullfrogs
  3 scorpions
  A gnoll sergeant (D:6)
  A wyvern skeleton (D:7)
  3 wights (D:9)
  3 killer bees (D:8)
  A howler monkey (D:3)
  A hound (D:7)
  An orc priest (D:3)
  A jelly (D:8)
  A gnoll shaman (D:4)
  Jessica (D:2)
  4 orc wizards
  A scorpion zombie (D:3)
  5 iguanas
  A killer bee zombie (D:8)
  Robin (D:2)
  10 gnolls
  10 adders
  2 shadow imps (D:8)
  A white imp (D:5)
  An ufetubus (D:5)
  An adder zombie (D:5)
  2 worms
  2 dart slugs
  24 orcs
  9 ball pythons
  4 endoplasms
  4 giant cockroaches
  9 hobgoblins
  A jackal (D:3)
  40 kobolds
  3 quokkas
  3 bats
  3 frilled lizards
  13 goblins
  5 kobold skeletons (D:8)
  13 kobold zombies (D:8)
  6 rats
232 creatures vanquished.

Vanquished Creatures (others)
  47 foxfires
47 creatures vanquished.

Grand Total: 279 creatures vanquished

Notes
Turn   | Place    | Note
-------+----------+-------------------------------------------
     0 | D:1      | inmateoo the Djinni Fire Elementalist began the quest for
                  | the Orb.
     0 | D:1      | Reached XP level 1. HP: 15/15 MP: 0/0
   205 | D:1      | Reached XP level 2. HP: 17/22 MP: 0/0
   386 | D:1      | Reached skill level 1 in Fighting
   983 | D:2      | Noticed Jessica
   986 | D:2      | Reached XP level 3. HP: 22/27 MP: 0/0
   986 | D:2      | Learned a level 1 spell: Shock
   989 | D:2      | Killed Jessica
   990 | D:2      | Reached skill level 2 in Fighting
  1130 | D:2      | Reached XP level 4. HP: 26/33 MP: 0/0
  1595 | D:2      | Noticed a phantom
  1601 | D:2      | Killed a phantom
  1602 | D:2      | Reached skill level 3 in Fighting
  1602 | D:2      | Reached XP level 5. HP: 34/40 MP: 0/0
  1602 | D:2      | Learned a level 2 spell: Passwall
  1659 | D:2      | Noticed Robin
  1694 | D:2      | Killed Robin
  2094 | D:2      | Reached XP level 6. HP: 46/46 MP: 0/0
  2607 | D:3      | Reached skill level 4 in Fighting
  2690 | D:3      | Noticed a black bear
  2698 | D:3      | Killed a black bear
  2699 | D:3      | Reached skill level 5 in Fighting
  2699 | D:3      | Reached XP level 7. HP: 23/54 MP: 0/0
  2699 | D:3      | Learned a level 3 spell: Gell's Gravitas
  3147 | D:3      | Found a faded altar of an unknown god.
  3930 | D:4      | Reached skill level 6 in Fighting
  4541 | D:4      | Reached XP level 8. HP: 54/62 MP: 0/0
  4602 | D:4      | Found Ometaese's Magic Scroll Shop.
  4610 | D:4      | Bought a scroll of teleportation for 39 gold pieces
  4610 | D:4      | Bought a scroll of teleportation for 39 gold pieces
  4675 | D:4      | Reached skill level 7 in Fighting
  4883 | D:5      | Entered Level 5 of the Dungeon
  5179 | D:5      | Reached skill level 1 in Armour
  5499 | D:5      | Noticed Sigmund
  5524 | D:5      | Killed Sigmund
  6080 | D:5      | Found an opulent altar of Gozag.
  6414 | D:6      | Noticed Maggie
  6421 | D:6      | Killed Maggie
  6422 | D:6      | Reached skill level 8 in Fighting
  6422 | D:6      | Reached XP level 9. HP: 57/70 MP: 0/0
  6422 | D:6      | Learned a level 4 spell: Dispel Undead
  6443 | D:6      | Reached skill level 5 in Dodging
  6918 | D:6      | You are sucked into a shaft and drop 2 floors!
  7250 | D:8      | Reached skill level 9 in Fighting
  7259 | D:8      | Reached skill level 5 in Armour
  7847 | D:8      | Reached XP level 10. HP: 43/78 MP: 0/0
  8135 | D:8      | Noticed a kobold demonologist
  8352 | D:9      | Found Zingovva's Armour Boutique.
  8396 | D:8      | Killed a kobold demonologist
  8663 | D:8      | Identified the +0 kite shield of the Onion {rF+ rN+ Slay+3}
  8876 | D:7      | Found a staircase to the Ecumenical Temple.
  8880 | D:7      | Identified the +0 steam dragon scales of the Pit {Int+3}
  8927 | Temple   | Entered the Ecumenical Temple
  9170 | Temple   | Became a worshipper of Makhleb the Destroyer
  9291 | D:7      | Reached skill level 10 in Fighting
 10101 | D:8      | Noticed a cyclops
 10101 | D:8      | Noticed a skeletal warrior
 10162 | D:8      | Found a staircase to the Lair.
 10720 | D:9      | Reached * piety under Makhleb
 10922 | D:9      | HP: 3/81 [orc priest/divine providence (17)]
 10946 | D:9      | Killed from afar by an orc priest

Illustrated notes

Levels and vault maps discovered:
D:1:      lightli_arrival_noodles, layout_rooms, minmay_tripent
D:2:      cheibrodos_old_hovel, layout_loops_corners,
          chequers_serial_rivers_large_b, skrybe_limestone_x, uniq_robin,
          uniq_jessica
D:3:      mumra_celtic_spiral_tile, layout_basic,
          hellmonk_ecumenical_altar_lost_god, kennysheep_generic_room_2
D:4:      layout_loops_corners, serial_shops, shop
D:5:      layout_loops_ring, general_overflow_altar, minmay_misc_feat_columns,
          uniq_sigmund
D:6:      layout_rooms, uniq_maggie
D:7:      layout_basic, minmay_temple_entry_statues_fountains
D:8:      wander_kiku_kobolds, layout_rooms, lair_entry_dummy,
          onia_ninara_dug_in_and_dangerous
D:9:      nicolae_cairo_tiling, layout_basic, serial_shops, shop,
          gammafunk_ghost_ooze
Temple:   mainiacjoe_temple_trianglar_array

Skill      XL: |  1  2  3  4  5  6  7  8  9 10 |
---------------+-------------------------------+-----
Fighting       | 1 2 3 5 6 8 9 10 | 10.3
Spellcasting   | 3 4 |  4.0
Armour         | 3 5 7 |  7.2
Dodging        | 4 6 8 |  8.2
Stealth        | |  1.6

Action                   |  1- 3 |  4- 6 |  7- 9 | 10-12 || total
-------------------------+-------+-------+-------+-------++-------
Melee: Unarmed           |     2 |       |       |       ||     2
       Quarterstaff      |       |    17 |       |       ||    17
       Staff             |       |       |     4 |     2 ||     6
 Cast: Foxfire           |    15 |    20 |       |       ||    35
       Scorch            |    17 |    37 |   203 |   138 ||   395
       Conjure Flame     |       |     1 |       |       ||     1
       Flame Wave        |       |     1 |       |     1 ||     2
       Dispel Undead     |       |       |       |     2 ||     2
       Passwall          |       |       |       |     2 ||     2
  Use: Scroll            |     3 |     3 |     8 |     2 ||    16
Armor: Robe              |     4 |    13 |    16 |       ||    33
       Acid dragon scale |       |       |    18 |     6 ||    24
       Steam dragon scal |       |       |       |    20 ||    20
       Skin              |       |       |       |     1 ||     1
Dodge: Dodged            |    12 |    32 |    88 |    57 ||   189
